 Dungeon Crawl Stone Soup version 0.29.1-12-g30fa7ad0bf (webtiles) character file.

Game seed: 4768052037001487826

3528 MysteronAgent613 the Stinger (level 9, -4/69 HPs)
             Began as a Yellow Draconian Venom Mage on Dec 27, 2022.
             Was a High Priest of Ru.
             Slain by a troll (15 damage)
             ... on level 7 of the Dungeon.
             The game lasted 00:53:41 (8567 turns).

MysteronAgent613 the Stinger (DrVM)                 Turns: 8567, Time: 00:53:41

Health: -4/69      AC:  2    Str: 13    XL:     9   Next: 82%
Magic:  12/15      EV: 21    Int: 13    God:    Ru [*****.]
Gold:   349        SH:  0    Dex: 20    Spells: 2/18 levels left

rFire   . . .      SeeInvis .     - Unarmed
rCold   . . .      Faith    .   (shield unavailable)
rNeg    + . .      Spirit   .   (body armour unavailable)
rPois   x          Reflect  .   (helmet currently unavailable)
rElec   .          Harm     .   (cloak currently unavailable)
rCorr   .          Rampage  .   (gloves currently unavailable)
Will    +....                   (boots currently unavailable)
Stlth   +++.......              (no amulet)
HPRegen 0.21/turn               (ring unavailable)
MPRegen 0.14/turn               g - ring "Umililaf" {rN+ Will+ Int-4 Dex+3 Slay+5}

@: spider-form
A: venomous fangs, (spit acid), AC +7, tiny, unfitting armour, (cold-blooded),
missing a hand, unskilled 1, missing an eye, (acid resistance), (horns 1),
(stinger 1), (talons 1), low MP 1
a: End Transformation, Renounce Religion, Draw Out Power, Power Leap, Apocalypse


You were on level 7 of the Dungeon.
You worshipped Ru.
Ru was extremely pleased with you.
You were a venomous arachnid creature.
You visited 1 branch of the dungeon, and saw 7 of its levels.

You collected 349 gold pieces.

Inventory:

Hand Weapons
 q - the +7 falchion of Behot {venom, Str+3 Int+6 Dex+4}
   (You found it on level 7 of the Dungeon)

   It poisons the flesh of those it strikes.
   Str:       It affects your strength (+3).
   Int:       It affects your intelligence (+6).
   Dex:       It affects your dexterity (+4).
Missiles
 f - 3 silver javelins
 v - 4 boomerangs
 x - a curare-tipped dart (quivered)
Armour
 c - a +1 hat (melded)
 e - a +1 pair of boots (melded)
 n - the +2 cloak of the Thief (melded) {*Fog Slay-2 SInv Stlth+}
   (You acquired it on level 1 of the Dungeon)

   It may release a thick cloud of smoke when the wearer is hurt.
   Slay:      It affects your accuracy & damage with ranged weapons and melee
   (-2).
   SInv:      It lets you see invisible.
   Stlth:     It makes you more stealthy.
Jewellery
 d - a ring of fire
 g - the ring "Umililaf" (right front leg) {rN+ Will+ Int-4 Dex+3 Slay+5}
   (You found it on level 3 of the Dungeon)

   [ring of positive energy]

   Int:       It affects your intelligence (-4).
   Dex:       It affects your dexterity (+3).
   Slay:      It affects your accuracy & damage with ranged weapons and melee
   (+5).
   rN:        It protects you from negative energy.
   Will:      It increases your willpower.
 j - a +6 ring of intelligence
 o - a ring of positive energy
Wands
 b - a wand of flame (17)
Scrolls
 i - 3 scrolls of immolation
 p - a scroll of fear {unknown}
 r - a scroll of noise
 s - a scroll of vulnerability {unknown}
 t - a scroll of amnesia {unknown}
 u - a scroll of teleportation
 w - a scroll of magic mapping
Potions
 a - 3 potions of brilliance
 h - 2 potions of invisibility {unknown}
 k - 2 potions of flight
 l - a potion of degeneration {unknown}
 m - a potion of haste {unknown}
 z - a potion of might


   Skills:
 * Level 3.1 Fighting
 * Level 0.9 Long Blades
 * Level 2.8 Throwing
 * Level 3.2 Dodging
 * Level 3.5 Stealth
 * Level 3.0 Unarmed Combat
 * Level 5.2 Spellcasting
 * Level 2.7 Conjurations
 * Level 2.2 Summonings
 * Level 2.6 Necromancy
 * Level 3.2 Transmutations
 * Level 2.9 Air Magic
 * Level 5.6 Poison Magic
 * Level 2.7 Evocations


You had 2 spell levels left.
You knew the following spells:

 Your Spells              Type           Power      Damage    Failure   Level
a - Sting                 Tmut/Pois      60%        1d6       11%         1
b - Poisonous Vapours     Pois/Air       28%        N/A       14%         2
c - Mephitic Cloud        Conj/Pois/Air  13%        N/A       28%         3
d - Olgreb's Toxic Radia  Pois           18%        N/A       38%         4
e - Necrotise             Necr           40%        1d6       17%         1
f - Call Imp              Summ           9%         N/A       26%         2
g - Spider Form           Tmut/Pois      15%        N/A       22%         3

Your spell library contained the following spells:

 Spells                   Type           Power      Damage    Failure   Level
 Beastly Appendage        Tmut           22%        N/A       14%         1
 Magic Dart               Conj           40%        1d5       17%         1
 Summon Small Mammal      Summ           36%        N/A       21%         1
 Wereblood                Tmut           11%        N/A       21%         2
 Apportation              Tloc           6%         N/A       38%         1
 Freeze                   Ice            12%        1d4       38%         1
 Frozen Ramparts          Ice            6%         1d1       71%         3
 Alistair's Intoxication  Tmut/Pois      10%        N/A       82%         5
 Hailstorm                Conj/Ice       6%         3d4       87%         4
 Freezing Cloud           Conj/Ice/Air   4%         6-21      98%         5
 Simulacrum               Ice/Necr       3%         N/A       100%        6
 Polar Vortex             Ice            1%         N/A       100%        9


Dungeon Overview and Level Annotations

Branches:
Dungeon (7/15)             Temple (0/1) D:7

Altars:
Ashenzari
Cheibriados
Dithmenos
Fedhas
Kikubaaqudgha
Makhleb
Nemelex Xobeh
Qazlal
Ru
Sif Muna
Wu Jian
Yredelemnul

Shops:
D:1 [   D:3 !   D:5 :

Annotations:
D:4 1 runed translucent door, mandoloar's ghost, amateur FeSu


Innate Abilities, Weirdness & Mutations

You are a venomous arachnid creature.
You have poisonous fangs.
You are tiny and dextrous.
Your spellcasting is less reliable in this form.
Your armour is entirely melded.
You are incapable of wielding weapons or throwing items.
((You can spit globs of acid.))
((Your golden yellow scales are hard. (AC +7)))
You cannot fit into any form of body armour.
((You are cold-blooded and may be slowed by cold attacks.))
You are missing a hand.
You are somewhat unskilled. (-1 Apt)
You are missing an eye, making it more difficult to aim.
((You are resistant to acid. (rCorr)))
((You have a pair of small horns on your head.))
((Your tail ends in a venomous barb.))
((You have sharp toenails.))
Your magical capacity is low. (-10% MP)


Message History

The +2 cloak of the Thief {*Fog Slay-2 SInv Stlth+} melds into your body.
Your +1 hat melds into your body.
Your +1 pair of boots melds into your body.
The jelly quivers.
You feel very sick. The orc misses you.
You hit the orc.
The orc is poisoned.
The orc is moderately wounded.
You feel very sick. The orc barely misses you.
You feel sick.
The orc hits you with a +2 dagger of venom.
You are more poisoned.
You feel very sick. The orc misses you. The orc attacks as you move away!
The orc completely misses you.
You feel very sick. The orc attacks as you move away!
The orc is stunned by your conviction and fails to attack.
You feel very sick.
You feel very sick.
You kill the orc!
There is an open door here.
Things that are here:
a +0 hand axe; an orc corpse You feel sick.
You feel sick.
An orc comes into view. It is wielding a +0 flail.
You feel sick.
You feel sick.
You have got your breath back.
You feel sick.
You feel sick.
You feel sick.
You feel sick.
You are no longer poisoned.
You hit the troll.
The troll is poisoned.
The troll is lightly wounded.
The troll bites you!
You die...

.#)## #...########..######
....# ###.................
.#.## #.########..######
....# #.#### #..# .#.##
#....#####..# ....#
####.....#..# ....#
#####.#..# ....#
############.#..#
....########...Ts.[..##.#..#
######.†...)......##.##.#..#
## #....)#..##..#........#
.#
#..#..#..##..#....#...######
.##
#.....#.....)#....#.........
..#
#.....#......#........######
..#
##.###########........>.....
⌠.# #...o#J.
..#.......####### 8.# #....
.#.#..##......#


You could see a troll (very poisoned).

Vanquished Creatures
  The ghost of wormed the Charlatan, a novice GnWn of Ashenzari (D:5)
  Sigmund (D:6)
  A wyvern (D:4)
  2 steam dragons (D:7)
  An orc warrior (D:7)
  A black bear (D:7)
  3 sky beasts (D:7)
  2 ice beasts
  2 centaurs (D:7)
  2 phantoms
  3 kobold brigands
  A gnoll sergeant (D:6)
  A necrophage (D:4)
  2 scorpions
  A wight (D:7)
  2 jellies
  5 hounds
  An orc priest (D:6)
  Crazy Yiuf (D:2)
  Jessica (D:3)
  3 iguanas
  Natasha (thrice) (D:2)
  2 orc wizards (D:7)
  Robin (D:2)
  8 gnolls
  10 adders
  A shadow imp (D:6)
  3 white imps
  An ufetubus (D:5)
  A worm (D:3)
  3 dart slugs
  24 orcs
  9 ball pythons
  8 bats
  7 endoplasms
  3 giant cockroaches
  18 goblins
  6 hobgoblins
  4 jackals (D:1)
  3 quokkas
  5 frilled lizards
  23 kobolds
  4 rats
184 creatures vanquished.

Vanquished Creatures (collateral kills)
  A black bear (D:6)
  A jelly (D:6)
2 creatures vanquished.

Vanquished Creatures (others)
  A hound (D:6)
  An iguana (D:6)
2 creatures vanquished.

Grand Total: 188 creatures vanquished

Notes
Turn   | Place    | Note
-------+----------+-------------------------------------------
     0 | D:1      | MysteronAgent613 the Draconian Venom Mage began the quest
                  | for the Orb.
     0 | D:1      | Reached XP level 1. HP: 14/14 MP: 3/3
   200 | D:1      | Reached XP level 2. HP: 20/20 MP: 0/5
   203 | D:1      | Learned a level 2 spell: Poisonous Vapours
   292 | D:2      | Found a shadowy altar of Dithmenos.
   361 | D:2      | Found a faded altar of an unknown god.
   365 | D:2      | Noticed Robin
   382 | D:3      | Noticed Jessica
   391 | D:3      | Killed Jessica
   392 | D:3      | Reached XP level 3. HP: 21/26 MP: 6/6
   431 | D:3      | Learned a level 3 spell: Mephitic Cloud
   469 | D:3      | Found a sacrificial altar of Ru.
   478 | D:3      | Identified the ring "Umililaf" {rN+ Will+ Int-4 Dex+3
                  | Slay+5}
   533 | D:3      | Reached XP level 4. HP: 11/33 MP: 3/8
   778 | D:3      | Became a worshipper of Ru the Awakened
   899 | D:3      | Found Voteor's Distillery.
  1112 | D:2      | Noticed Natasha
  1128 | D:2      | Killed Natasha
  1221 | D:2      | Found a runed translucent door.
  1222 | D:2      | Noticed Crazy Yiuf
  1250 | D:2      | Killed Crazy Yiuf
  1593 | D:3      | Gained mutation: You have very sharp teeth. [potion of
                  | mutation]
  1593 | D:3      | Gained mutation: Your natural rate of healing is unusually
                  | fast. [potion of mutation]
  1594 | D:3      | Lost mutation: Your natural rate of healing is unusually
                  | fast. [potion of mutation]
  1594 | D:3      | Lost mutation: You have very sharp teeth. [potion of
                  | mutation]
  1594 | D:3      | Gained mutation: Your magical capacity is low. (-10% MP)
                  | [potion of mutation]
  1594 | D:3      | Gained mutation: You have sharp toenails. [potion of
                  | mutation]
  1594 | D:3      | Gained mutation: You have a pair of small horns on your
                  | head. [potion of mutation]
  1594 | D:3      | Gained mutation: Your tail ends in a venomous barb. [potion
                  | of mutation]
  1664 | D:3      | Reached XP level 5. HP: 38/38 MP: 5/8
  2132 | D:2      | Learned a level 4 spell: Olgreb's Toxic Radiance
  2139 | D:2      | Noticed Natasha
  2151 | D:2      | Killed Natasha
  2168 | D:2      | Killed Robin
  2343 | D:2      | Noticed Natasha
  2358 | D:2      | Killed Natasha
  2807 | D:1      | Gained mutation: You are missing an eye, making it more
                  | difficult to aim. [Ru sacrifice]
  2807 | D:1      | Reached * piety under Ru
  3257 | D:1      | Found Mijun's Antique Armour Shoppe.
  3364 | D:1      | Identified a scroll of acquirement
  3365 | D:1      | Acquired the +2 cloak of the Thief {*Fog Slay-2 SInv
                  | Stlth+}
  3365 | D:1      | Found the +2 cloak of the Thief {*Fog Slay-2 SInv Stlth+}
  3388 | D:1      | Reached XP level 6. HP: 46/46 MP: 5/9
  3928 | D:4      | Reached skill level 1 in Fighting
  3928 | D:4      | Reached skill level 1 in Throwing
  4026 | D:4      | Learned a level 1 spell: Necrotise
  4067 | D:4      | Noticed a wyvern
  4067 | D:4      | an ogre changed into a wyvern
  4124 | D:4      | Reached skill level 1 in Unarmed Combat
  4124 | D:4      | Reached skill level 1 in Air Magic
  4480 | D:4      | Killed a wyvern
  4481 | D:4      | Reached skill level 1 in Conjurations
  4481 | D:4      | Reached skill level 1 in Evocations
  4481 | D:4      | Your scales start taking on a golden yellow colour.
  4481 | D:4      | Reached XP level 7. HP: 19/52 MP: 0/11
  4481 | D:4      | Gained mutation: You are resistant to acid. (rCorr) [Yellow
                  | Draconian growth]
  4699 | D:4      | Learned a level 2 spell: Call Imp
  4815 | D:4      | Found a runed translucent door.
  4816 | D:4      | Noticed mandoloar's ghost (amateur FeSu)
  4939 | D:5      | Entered Level 5 of the Dungeon
  5027 | D:5      | Reached skill level 5 in Poison Magic
  5166 | D:5      | Found Tiadwac's Book Shoppe.
  5253 | D:5      | Reached skill level 1 in Necromancy
  5278 | D:5      | Found a sparkling altar of Nemelex Xobeh.
  5298 | D:5      | Gained mutation: You are missing a hand. [Ru sacrifice]
  5298 | D:5      | Reached ** piety under Ru
  5298 | D:5      | Reached *** piety under Ru
  5298 | D:5      | Reached **** piety under Ru
  5443 | D:5      | Found a sparkling altar of Nemelex Xobeh.
  5566 | D:5      | Reached XP level 8. HP: 61/61 MP: 13/13
  5660 | D:5      | Found a runed translucent door.
  5661 | D:5      | Noticed wormed's ghost (novice GnWn)
  5738 | D:5      | Killed wormed's ghost
  5739 | D:5      | Reached skill level 1 in Summonings
  6097 | D:6      | Learned a level 3 spell: Spider Form
  6258 | D:6      | Reached skill level 5 in Spellcasting
  6468 | D:6      | Found a broken altar of Ashenzari.
  6468 | D:6      | Found a snail-covered altar of Cheibriados.
  6468 | D:6      | Found a blossoming altar of Fedhas.
  6470 | D:6      | Found a basalt altar of Yredelemnul.
  6470 | D:6      | Found an ornate altar of the Wu Jian Council.
  6470 | D:6      | Found a burning altar of Makhleb.
  6472 | D:6      | Found a shimmering blue altar of Sif Muna.
  6472 | D:6      | Found a stormy altar of Qazlal.
  6472 | D:6      | Found an ancient bone altar of Kikubaaqudgha.
  6627 | D:6      | Reached XP level 9. HP: 68/68 MP: 9/14
  6680 | D:6      | Noticed Sigmund
  6688 | D:6      | Killed Sigmund
  7425 | D:7      | Noticed a troll
  7949 | D:7      | Identified the +7 falchion of Behot {venom, Str+3 Int+6
                  | Dex+4}
  8018 | D:7      | Found a staircase to the Ecumenical Temple.
  8057 | D:7      | Gained mutation: You are somewhat unskilled. (-1 Apt) [Ru
                  | sacrifice]
  8057 | D:7      | Reduced skill Poison Magic to level 5
  8057 | D:7      | Reached ***** piety under Ru
  8567 | D:7      | Slain by a troll

Illustrated notes

Levels and vault maps discovered:
D:1:      dpeg_chamrin_arrival_tetris, layout_loops_ring, serial_shops,
          nicolae_shop_crystal, grunt_decor_clamped
D:2:      layout_basic, basic_altar, hellmonk_ecumenical_altar_run_dry,
          uniq_natasha, uniq_crazy_yiuf_cottage, uniq_robin
D:3:      layout_loops_ring, mainiacjoe_overflow_catwalk, serial_shops,
          shop_fountains, uniq_jessica
D:4:      layout_cave_pools, ebering_ghost_inner_flame
D:5:      layout_rooms, nemelex_xobeh_ov_fountains_minmay,
          gammafunk_ghost_grave, serial_shops, nicolae_lakefront_shop,
          kennysheep_diamond, grunt_decor_fettered
D:6:      layout_loops_cross, nicolae_overflows_in_rows, uniq_sigmund
D:7:      minmay_clustersquares, layout_basic,
          minmay_temple_entry_drinking_statues, st_stairs_9

Skill      XL: |  1  2  3  4  5  6  7  8  9 |
---------------+----------------------------+-----
Dodging        | 2 3 |  3.2
Stealth        | 2 3 |  3.5
Poison Magic   | 4 5 5 |  5.6
Spellcasting   | 3 4 5 |  5.2
Fighting       | 1 2 3 |  3.1
Throwing       | 1 2 2 |  2.8
Unarmed Combat | 1 2 3 |  3.0
Transmutations | 2 3 |  3.2
Air Magic      | 1 2 |  2.9
Conjurations   | 1 2 |  2.7
Evocations     | 1 2 |  2.7
Necromancy     | 1 2 |  2.6
Summonings     | 1 2 |  2.2
Long Blades    | |  0.9

Action                   |  1- 3 |  4- 6 |  7- 9 || total
-------------------------+-------+-------+-------++-------
Melee: Unarmed           |     3 |    61 |   103 ||   167
       Headbutt          |       |    10 |    17 ||    27
       Tailslap          |       |     8 |    11 ||    19
Throw: Boomerang         |       |    12 |    35 ||    47
       Dart              |       |       |     2 ||     2
 Cast: Sting             |    17 |    15 |     4 ||    36
       Poisonous Vapours |     5 |    18 |     3 ||    26
       Mephitic Cloud    |       |     6 |     4 ||    10
       Olgreb's Toxic Ra |       |    26 |    21 ||    47
       Necrotise         |       |     4 |       ||     4
       Call Imp          |       |       |     7 ||     7
       Spider Form       |       |       |     7 ||     7
Invok: Sacrifice an Eye  |       |     1 |       ||     1
       Sacrifice a Hand  |       |       |     1 ||     1
       Power Leap        |       |       |     4 ||     4
       Sacrifice Skill   |       |       |     1 ||     1
 Abil: Breathe Acid      |       |       |    32 ||    32
Evoke: Wand              |       |     2 |    10 ||    12
  Use: Potion            |     4 |     3 |    11 ||    18
       Scroll            |       |     9 |     1 ||    10
 Stab: Sleeping          |       |     8 |     1 ||     9
       Distracted        |       |       |     1 ||     1
       Invisible         |       |       |     1 ||     1
Armor: Skin              |    20 |    46 |    96 ||   162
Dodge: Dodged            |    35 |    67 |   148 ||   250
